 Dungeon Crawl Stone Soup version 0.31.0-32-g396128a36d (webtiles) character file.

Game seed: 7220826993390455961

24922 Curundu the Cleaver (level 12, -24/165 HPs)
             Began as a Minotaur Berserker on Mar 9, 2024.
             Was a High Priest of Trog.
             Annihilated by a large slime creature (25 damage)
             ... on level 13 of the Dungeon.
             The game lasted 00:45:30 (11879 turns).

Curundu the Cleaver (Minotaur Berserker)           Turns: 11879, Time: 00:45:32

Health: -24/165    AC: 31    Str: 28    XL:     12   Next: 84%
Magic:  0/11       EV: 11    Int:  4    God:    Trog [*****.]
Gold:   1659       SH:  5    Dex:  9    Spells: 11/11 levels left

rFire   . . .        e - +5 hand axe (heavy)
rCold   x . .        G - +0 buckler
rNeg    . . .        k - +7 chain mail of Limited Liability {Rampage rElec}
rPois   .            z - +1 hat
rElec   +            y - +0 cloak
rCorr   .            d - +0 pair of gloves
SInv    .            j - +2 pair of boots
Will    ++...        s - amulet of guardian spirit Stlth
                     u - +4 ring of protection
HPRegen 1.47/turn    (no ring)
MPRegen 0.12/turn

%: guardian spirit, rampage
@: berserking, strong-willed, regenerating, very quick
A: horns 2, retaliatory headbutt, cold vulnerability 1, inability to read after
injury 1
a: Renounce Religion, Berserk, Trog's Hand, Brothers in Arms


You were on level 13 of the Dungeon.
You worshipped Trog.
Trog was extremely pleased with you.
You visited 1 branch of the dungeon, and saw 13 of its levels.
You also visited: Sewer and Bailey.

You collected 1659 gold pieces.

Inventory:

Hand Weapons
 a - a +3 war axe
 e - a +5 heavy hand axe (weapon)
Missiles
 m - 4 silver javelins (quivered)
 n - a throwing net
Armour
 d - a +0 pair of gloves (worn)
 j - a +2 pair of boots (worn)
 k - the +7 chain mail of Limited Liability (worn) {Rampage rElec}
   (You found it on level 2 of the Dungeon)

   rElec:     It insulates you from electricity.
   Rampage:   It bestows one free step when moving towards enemies.
 y - a +0 cloak (worn)
 z - a +1 hat (worn)
 C - the scarf of the Pits of Slime {shadows, rPois}
   (You found it on level 11 of the Dungeon)

   rPois:     It protects you from poison
 G - a +0 buckler (worn)
Jewellery
 s - an amulet of guardian spirit (around neck)
 u - a +4 ring of protection (left hand)
Wands
 c - a wand of charming (13)
 v - a wand of polymorph (6)
 x - a wand of flame (43)
 D - a wand of digging (5)
 E - a wand of quicksilver (3)
Scrolls
 b - 3 scrolls of blinking
 i - 5 scrolls of fear
 l - a scroll of enchant weapon
 t - 3 scrolls of teleportation
 w - 2 scrolls of revelation
 B - a scroll of immolation
 F - a scroll of poison
Potions
 f - a potion of attraction
 g - 6 potions of curing
 h - 3 potions of mutation
 p - 4 potions of might
 q - 2 potions of resistance
 r - a potion of enlightenment {unknown}
 A - a potion of heal wounds


   Skills:
 + Level 11.5 Fighting
 + Level 14.8 Axes
 - Level 0.1 Throwing
 * Level 14.0 Armour
 * Level 9.0 Dodging
 - Level 0.4 Stealth
 * Level 8.8 Shields


You had 11 spell levels left.
You didn't know any spells.
Your spell library was empty.

Dungeon Overview and Level Annotations

Branches:
Dungeon (13/15)            Temple (0/1) D:6            Lair (0/5) D:11
    Orc (0/2) D:10          Sewer (visited)          Bailey (visited)
 Vaults: D:13-14

Altars:
Dithmenos
Fedhas
Gozag
Makhleb
Okawaru
Vehumet
Xom

Shops:
D:5 [   D:6 *   D:12 [


Innate Abilities, Weirdness & Mutations

You have a pair of horns on your head.
You reflexively headbutt those who attack you in melee.
You are vulnerable to cold. (rC-)
You occasionally lose the ability to read scrolls when taking damage.


Message History

The slime creature is heavily wounded.
A slime creature comes into view.
You slash the slime creature!
The slime creature is severely wounded.
The slime creature hits you.
You slash the slime creature! You headbutt the slime creature.
The slime creature is almost dead.
The meliai invokes the aid of its god against you.
Something smites you! You block the slime creature's attack.
Two slime creatures merge to form a large slime creature.
A meliai comes into view. It is wielding a +4 broad axe.
The meliai calls down the wrath of its god upon you.
Something smites you!
The meliai calls down the wrath of its god upon you.
Something smites you!
The meliai calls down the wrath of its god upon you.
Something smites you!
Your skin crawls.
You feel strong-willed.
The meliai mumbles some strange prayers to its god against you.
Something smites you!
* * * LOW HITPOINT WARNING * * *
Two slime creatures merge to form a large slime creature.
A red film seems to cover your vision as you go berserk!
You feel yourself moving faster!
You feel mighty!
The meliai calls down the wrath of its god upon you.
Something smites you!
* * * LOW HITPOINT WARNING * * *
You barely miss the large slime creature.
Your headbutt misses the large slime creature.
The large slime creature is heavily wounded.
A large slime creature splits.
The large slime creature hits you!!
* * * LOW HITPOINT WARNING * * *
You slice the large slime creature!!
The large slime creature is severely wounded.
The meliai invokes the aid of its god against you.
Something smites you!
* * * LOW HITPOINT WARNING * * *
The large slime creature hits you!!
You die...

#.# #.# ......$ #.# y......
#.# ....... #.# ....... #.#
....... #.# .......
#<###################?......
#..............@JyyyJ.......
#####################....$..
######.


You could see a large slime creature, a slime creature and 3 meliai.

Vanquished Creatures
  Nessos (D:12)
  A fire dragon (D:11)
  2 vault guards (Bailey)
  Erolcha (D:12)
  A boulder beetle (D:12)
  A hydra (D:11)
  2 centaur warriors (D:11)
  The ghost of kftrendy the Grappler, a novice TrFi of Wu Jian (D:9)
  4 two-headed ogres (D:11)
  Lodul (D:11)
  2 cyclopes (D:11)
  A wolf spider (D:11)
  A manticore (D:11)
  2 ugly things
  Maggie (D:9)
  3 kobold demonologists (D:11)
  2 unseen horrors
  Psyche (D:9)
  6 trolls
  A hornet (D:9)
  A blink frog (Bailey)
  Prince Ribbit (D:9)
  4 slime creatures
  3 shadows
  4 wraiths
  A wyvern (D:9)
  6 yaks
  3 neqoxecs (D:9)
  A steam dragon (D:10)
  5 vampire mosquitoes (D:11)
  3 humans (Bailey)
  Menkaure (D:5)
  2 acid dragons
  2 water moccasins
  7 orc warriors
  4 centaurs (D:9)
  9 ogres
  2 phantoms (D:5)
  2 kobold brigands
  15 bullfrogs
  2 brain worms (Sewer)
  A gnoll sergeant (D:12)
  2 scorpions
  8 wights
  A bombardier beetle (D:5)
  A jelly (D:5)
  2 hounds
  3 quasits
  3 gnoll boudas
  5 orc priests
  A sleepcap (D:6)
  8 orc wizards
  Terence (D:3)
  2 iguanas
  Robin (D:4)
  24 gnolls
  14 adders
  4 river rats (Sewer)
  4 shadow imps
  3 white imps
  3 ufetubi
  4 dart slugs
  3 ribbon worms
  46 orcs
  9 bats
  7 endoplasms
  2 giant cockroaches
  19 goblins
  8 hobgoblins
  5 jackals
  5 quokkas
  10 ball pythons
  4 frilled lizards
  10 kobolds
  9 rats
345 creatures vanquished.

Notes
Turn   | Place    | Note
-------+----------+-------------------------------------------
     0 | D:1      | Curundu the Minotaur Berserker began the quest for the Orb.
     0 | D:1      | Reached XP level 1. HP: 19/19 MP: 0/0
   139 | D:1      | Reached XP level 2. HP: 27/27 MP: 1/1
   498 | D:1      | Reached XP level 3. HP: 33/33 MP: 2/2
   630 | D:2      | Reached ** piety under Trog
   654 | D:2      | Identified the +7 chain mail of Limited Liability {Rampage
                  | rElec}
  1420 | D:3      | Reached XP level 4. HP: 41/41 MP: 3/3
  1482 | D:3      | Noticed Terence
  1494 | D:3      | Killed Terence
  1495 | D:3      | Reached skill level 5 in Axes
  1574 | D:3      | Found an iron altar of Okawaru.
  1651 | D:3      | Reached XP level 5. HP: 38/47 MP: 4/4
  1690 | D:3      | Found a blossoming altar of Fedhas.
  1913 | D:4      | Noticed an ogre
  1921 | D:4      | Killed an ogre
  2058 | D:4      | Reached XP level 6. HP: 51/55 MP: 5/5
  2082 | D:4      | Found a glowing drain.
  2090 | Sewer    | Entered a sewer
  2105 | Sewer    | Reached *** piety under Trog
  2125 | Sewer    | Reached skill level 5 in Fighting
  2851 | D:4      | Reached XP level 7. HP: 61/61 MP: 6/6
  3125 | D:4      | Noticed Robin
  3136 | D:4      | Killed Robin
  3140 | D:4      | Found an opulent altar of Gozag.
  3147 | D:4      | Reached **** piety under Trog
  3420 | D:5      | Entered Level 5 of the Dungeon
  3622 | D:5      | Found Eshin's Armour Emporium.
  3637 | D:5      | Noticed Menkaure
  3641 | D:5      | Killed Menkaure
  3878 | D:5      | Reached skill level 5 in Armour
  3878 | D:5      | Reached XP level 8. HP: 69/71 MP: 7/7
  4207 | D:6      | Found a staircase to the Ecumenical Temple.
  4424 | D:6      | Found Vabateh's General Store.
  4535 | D:6      | Reached skill level 10 in Axes
  4615 | D:6      | Found a burning altar of Makhleb.
  4888 | D:7      | Reached skill level 1 in Shields
  5057 | D:7      | Reached XP level 9. HP: 23/79 MP: 8/8
  5376 | D:7      | Found a radiant altar of Vehumet.
  5474 | D:7      | Reached ***** piety under Trog
  5848 | D:8      | Found a shadowy altar of Dithmenos.
  5917 | D:8      | Found a shimmering altar of Xom.
  6508 | D:8      | Reached skill level 5 in Dodging
  6755 | D:9      | Noticed Prince Ribbit
  6761 | D:9      | Killed Prince Ribbit
  6772 | D:9      | Noticed Maggie
  6789 | D:9      | Killed Maggie
  7227 | D:9      | Reached XP level 10. HP: 86/87 MP: 9/9
  7375 | D:9      | Paralysed by a hornet for 2 turns
  7381 | D:9      | Found a transporter.
  7454 | D:9      | Noticed kftrendy's ghost (novice TrFi)
  7471 | D:9      | Found a transporter.
  7641 | D:9      | Noticed Psyche
  7649 | D:9      | Killed Psyche
  7649 | D:9      | Identified the +7 quarterstaff of Imminent Death {flame,
                  | rPois} (Trog gifted it to you on level 9 of the Dungeon)
  7649 | D:9      | Received a gift from Trog
  8003 | D:9      | Killed kftrendy's ghost
  8004 | D:9      | Reached skill level 5 in Shields
  8004 | D:9      | Gained mutation: You are vulnerable to cold. (rC-) [a
                  | neqoxec]
  8005 | D:9      | Gained mutation: You occasionally lose the ability to read
                  | scrolls when taking damage. [a neqoxec]
  8080 | D:10     | Entered Level 10 of the Dungeon
  8192 | D:10     | Reached skill level 10 in Armour
  8272 | D:10     | Found a flagged portal.
  8283 | Bailey   | Entered a bailey
  8393 | Bailey   | Noticed a vault guard
  8409 | Bailey   | Reached XP level 11. HP: 97/97 MP: 6/10
  8412 | Bailey   | Killed a vault guard
  8421 | Bailey   | Noticed a vault guard
  8434 | Bailey   | Killed a vault guard
  8792 | D:10     | Found a staircase to the Orcish Mines.
  9046 | D:11     | Noticed Lodul
  9057 | D:11     | Noticed a two-headed ogre
  9064 | D:11     | Killed Lodul
  9066 | D:11     | Killed a two-headed ogre
  9272 | D:11     | Noticed a boulder beetle
  9273 | D:11     | Noticed a wolf spider
  9287 | D:11     | Killed a wolf spider
  9288 | D:11     | Reached skill level 10 in Fighting
  9482 | D:11     | Noticed a cyan ugly thing
  9483 | D:11     | Noticed a two-headed ogre
  9483 | D:11     | Noticed a two-headed ogre
  9501 | D:11     | Killed a cyan ugly thing
  9505 | D:11     | Noticed a soul eater
  9507 | D:11     | Killed a two-headed ogre
  9525 | D:11     | Killed a two-headed ogre
  9672 | D:11     | Found a staircase to the Lair.
  9681 | D:11     | Reached XP level 12. HP: 107/107 MP: 11/11
  9819 | D:11     | Found the +4 skin of Zhor {*Englaciate rC+++ SInv}
  9819 | D:11     | Noticed a six-headed hydra
  9819 | D:11     | Noticed a centaur warrior
  9819 | D:11     | Noticed a centaur warrior
  9820 | D:11     | Noticed a fire dragon
  9826 | D:11     | Killed a ten-headed hydra
  9826 | D:11     | Killed a centaur warrior
  9829 | D:11     | Killed a centaur warrior
  9833 | D:11     | HP: 3/162 [cyclops (13)]
  9834 | D:11     | Killed a fire dragon
 10197 | D:11     | Identified the staff of Aqijev {rElec rF+ Dex-5 Fire
                  | Alchemy}
 10209 | D:11     | Identified the scarf of the Pits of Slime {shadows, rPois}
 10251 | D:11     | Noticed a two-headed ogre
 10256 | D:11     | Killed a two-headed ogre
 10764 | D:12     | Noticed a boulder beetle
 10781 | D:12     | Killed a boulder beetle
 11100 | D:12     | Noticed Erolcha
 11115 | D:12     | Killed Erolcha
 11412 | D:12     | Found Neisoziq's Antique Armour Shop.
 11420 | D:12     | Noticed Nessos
 11438 | D:12     | Killed Nessos
 11438 | D:12     | Identified the +1 demon trident of Tension {flame, rCorr}
                  | (Trog gifted it to you on level 12 of the Dungeon)
 11438 | D:12     | Received a gift from Trog
 11878 | D:13     | HP: 7/165 [large slime creature (20)]
 11879 | D:13     | HP: 1/165 [meliai/divine providence (7)]
 11879 | D:13     | Annihilated by a large slime creature

Illustrated notes

Levels and vault maps discovered:
D:1:      roderic_crossed_star, layout_basic, minmay_pentomino_s4
D:2:      layout_basic, minmay_close_crescents
D:3:      layout_rooms, okawaru_trees_1, fedhas_altar_3, uniq_terence
D:4:      layout_cave_pools, grunt_gozag_statues, gup_sewer_entry_bubbles,
          uniq_robin
D:5:      layout_basic, serial_shops, shop, corexii_item_surrounded_by_moat,
          uniq_menkaure
D:6:      layout_cave_pools, lightli_temple_of_fire, minmay_temple_entry_hall,
          serial_demonic, serial_demonic_c, serial_demonic_b, serial_demonic_g,
          serial_demonic_g, serial_demonic_b, serial_demonic_d, serial_shops,
          nicolae_shop_hallway_stairs
D:7:      layout_loops_ring, nicolae_vehumet_radiance
D:8:      layout_layer_cave, grunt_dithmenos_smoke,
          mainiacjoe_overflow_boulevard, ebering_dispersal_statue_hall
D:9:      layout_roguey, gammafunk_ghost_stat_death, grunt_ministairs_5,
          uniq_maggie, uniq_prince_ribbit1, uniq_psyche
D:10:     layout_irregular_city, orc_0_dummy, enter_bailey_6
D:11:     minmay_the_grid_octo_tiled_squarecenter
          [minmay_the_grid_octo_concentric, minmay_the_grid_octo_horde,
          minmay_the_grid_octo_thin_diamonds, minmay_the_grid_octo_pinwheel,
          minmay_the_grid_square_5x5_megaprize_crossed,
          minmay_the_grid_square_5x5_corner,
          minmay_the_grid_square_5x5_moneybag,
          minmay_the_grid_square_5x5_spiral,
          minmay_the_grid_square_5x5_shrine2], layout_rooms, lair_entry_dummy,
          gauntlet_entry_generic, uniq_lodul
D:12:     layout_loops_ring, serial_shops, shop, uniq_erolcha, uniq_nessos
D:13:     layout_basic, uniq_josephine

Skill      XL: |  1  2  3  4  5  6  7  8  9 10 11 12 |
---------------+-------------------------------------+-----
Fighting       | 4 5 6 7 8 9 10 11 | 11.5
Axes           | 4 5 6 7 8 10 11 12 13 14 | 14.8
Armour         | 3 4 5 6 8 10 12 14 | 14.0
Dodging        | 3 4 5 6 7 9 |  9.0
Shields        | 1 3 5 7 8 |  8.8
Throwing       | |  0.1
Stealth        | |  0.4

Action                     |  1- 3 |  4- 6 |  7- 9 | 10-12 || total
---------------------------+-------+-------+-------+-------++-------
  Melee: Hand axe          |    91 |   153 |   267 |   407 ||   918
         Headbutt          |    13 |    25 |    35 |    79 ||   152
         Punch             |       |     5 |     3 |     4 ||    12
  Throw: Javelin           |       |       |     1 |       ||     1
 Invoke: Trog's Hand       |       |     1 |     3 |     7 ||    11
         Berserk           |       |     1 |     2 |     8 ||    11
    Use: Scroll            |       |       |    17 |     5 ||    22
         Potion            |       |       |       |     5 ||     5
 Armour: Chain mail        |    88 |   102 |   260 |   422 ||   872
         Animal skin       |     1 |       |       |       ||     1
  Dodge: Dodged            |    60 |    64 |   146 |   208 ||   478
  Block: Buckler           |       |       |       |    12 ||    12
